Map: Lerilak Crest

Players

LilDicky - Winner!

  • Race: Terran Terran
  • League: Diamond

TooTsiePop

  • Race: Terran Terran
  • League: Diamond

VOD

http://www.twitch.tv/tumescentpie

Description

Time

  • Played on: Dec. 20, 2015, 1:33 p.m.
  • Length: 11:27
Show
View Real Time Build Order
Export as new Build Order

LilDicky Terran - Winner!

Build Orders: Mech 

Get SALT Encoding   

  12  0:01  SCV  
  13  0:14  SCV  
  14  0:23  Supply Depot  
  14  0:26  SCV  
  15  0:36  Refinery  
  15  0:44  SCV  
  15  0:47  Barracks  
  16  0:56  SCV  
  17  1:09  SCV  
  18  1:21  Supply Depot, SCV  
  19  1:33  SCV, Reaper  
  21  1:45  Orbital Command  
  21  1:51  Refinery  
  22  2:13  Reaper  
  22  2:18  SCV  
  22  2:21  Factory  
  22  2:30  SCV  
  23  2:42  Supply Depot, SCV  
  24  2:44  Marine  
  25  3:05  Factory Tech Lab  
  25  3:06  SCV, Starport  
  26  3:17  Command Center, Marine  
  26  3:18  SCV  
  28  3:30  SCV  
  29  3:34  Marine  
  29  3:35  Widow Mine  
  32  3:42  SCV  
  33  3:50  Engineering Bay  
  33  3:54  SCV  
  34  4:01  Marine  
  34  4:02  Banshee, Cloaking Field  
  38  4:06  SCV  
  39  4:13  Supply Depot  
  39  4:28  SCV  
  40  4:32  Factory Tech Lab  
  40  4:34  Supply Depot  
  40  4:42  SCV  
  41  4:50  Supply Depot  
  41  4:51  Banshee  
  41  4:52  Siege Tank  
  47  4:54  Marine  
  47  4:55  SCV, Orbital Command  
  50  5:07  SCV  
  50  5:15  Missile Turret x2  
  50  5:16  Missile Turret  
  50  5:20  SCV  
  49  5:22  SCV  
  49  5:23  Missile Turret  
  47  5:29  Marine  
  40  5:51  Banshee, Siege Tank  
  40  5:52  Marine  
  40  5:53  SCV x2  
  40  5:56  Refinery  
  40  5:57  Refinery  
  49  5:59  Factory  
  49  6:00  Factory  
  49  6:10  Marine  
  50  6:27  Marine  
  50  6:32  Siege Tank  
  54  6:33  Banshee  
  57  6:45  Marine  
  56  6:48  Factory Tech Lab  
  56  6:49  Factory Tech Lab  
  52  6:55  SCV  
  52  6:59  Missile Turret  
  48  7:02  Factory Tech Lab  
  48  7:03  Marine  
  49  7:16  Banshee  
  49  7:21  Marine  
  49  7:25  Siege Tank  
  49  7:33  Siege Tank  
  52  7:39  Marine  
  52  7:41  Command Center  
  53  7:44  SCV x2  
  53  7:47  Missile Turret  
  53  7:50  Supply Depot  
  55  7:51  Siege Tank  
  55  7:56  SCV x2  
  55  7:57  Hellion, Marine  
  63  7:58  Supply Depot  
  63  7:59  Banshee, Hi-Sec Auto Tracking  
  63  8:02  Supply Depot  
  66  8:18  Missile Turret  
  59  8:38  Siege Tank x2  
  62  8:42  Banshee  
  62  8:47  SCV x2  
  67  8:53  Orbital Command  
  67  8:54  Command Center  
  67  8:55  Refinery  
  61  8:56  Siege Tank  
  61  9:01  Marine  
  61  9:02  Refinery  
  65  9:18  Marine  
  66  9:25  Banshee  
  66  9:27  Siege Tank  
  72  9:36  Marine  
  73  9:43  Siege Tank  
  76  9:51  SCV x3  
  76  9:54  Marine  
  77  10:00  Refinery  
  77  10:03  SCV x3  
  77  10:05  Command Center  
  80  10:07  SCV, Banshee  
  80  10:12  Refinery, Marine  
  85  10:15  SCV x2  
  85  10:16  SCV  
  85  10:30  SCV, Marine  
  85  10:31  SCV x2  
  85  10:33  Orbital Command  
  85  10:35  Siege Tank x3  
  98  10:42  SCV  
  99  10:43  SCV  
  99  10:47  Marine  
  96  11:05  Marine  
Show
View Real Time Build Order
Export as new Build Order

TooTsiePop Terran 

Build Orders: MMM Bio 

Get SALT Encoding   

  12  0:01  SCV  
  13  0:13  SCV  
  14  0:23  Supply Depot  
  14  0:25  SCV  
  15  0:45  SCV  
  15  0:46  Barracks  
  15  0:47  Refinery  
  16  0:57  SCV  
  17  1:09  SCV  
  18  1:21  SCV  
  19  1:34  Reaper  
  19  1:36  Barracks  
  19  1:38  Refinery  
  20  1:40  Supply Depot  
  20  1:41  Orbital Command  
  19  2:06  SCV, Marine  
  21  2:18  SCV  
  22  2:25  Barracks Tech Lab  
  22  2:26  Marine  
  23  2:31  SCV, Engineering Bay  
  23  2:34  Factory  
  24  2:43  SCV  
  25  2:45  Supply Depot, Stimpack  
  25  2:49  Barracks Reactor  
  25  2:55  SCV  
  26  3:01  Marine  
  27  3:09  SCV  
  28  3:18  Missile Turret  
  28  3:19  Widow Mine  
  28  3:20  Starport  
  28  3:24  SCV  
  28  3:27  Marine  
  32  3:36  SCV  
  32  3:39  Missile Turret  
  33  3:46  Marine  
  34  3:48  SCV  
  35  3:59  Missile Turret  
  35  4:00  Medivac  
  37  4:03  SCV  
  38  4:12  Supply Depot  
  38  4:16  Factory Tech Lab  
  38  4:19  Marine  
  39  4:34  Marine x2  
  39  4:37  Marine  
  39  4:38  Supply Depot  
  42  4:43  Medivac  
  44  4:51  Missile Turret  
  44  4:55  SCV  
  44  4:59  Marine  
  46  5:07  Missile Turret  
  46  5:12  Marine x2  
  48  5:17  Marine  
  47  5:30  Marine x2  
  44  5:50  Marine  
  44  5:51  Marine x2  
  44  5:52  Siege Tank, Medivac  
  52  6:14  Marine x2  
  52  6:15  Marine  
  55  6:22  Medivac  
  53  6:27  Siege Tank  
  55  6:36  Command Center  
  55  6:51  Marine  
  55  7:13  Marine  
  55  7:15  Marine  
  55  7:23  Marine  
  54  7:37  Terran Infantry Weapons Level 1, Marine  
  54  7:42  Supply Depot  
  55  7:44  Medivac, Marine x2  
  59  7:55  Marine  
  60  8:02  Marine x2  
  59  8:07  Orbital Command  
  58  8:12  Marine  
  59  8:20  Marine x2  
  46  8:29  Siege Tank, Medivac  
  46  8:30  Marine  
  49  8:37  Combat Shields, Marine  
  48  8:41  Barracks  
  48  8:43  Barracks  
  48  8:47  SCV  
  48  8:48  SCV  
  49  8:59  Medivac  
  49  9:00  SCV x2  
  49  9:01  Siege Tank  
  56  9:09  Marine  
  57  9:10  Marine  
  51  9:27  SCV x2  
  51  9:31  Missile Turret  
  53  9:33  Siege Tank  
  49  9:39  SCV  
  49  9:43  Marine  
  49  9:44  Marine x2  
  52  10:01  Marine  
  48  10:22  Marine x3  
  48  10:23  Siege Tank  
  48  10:24  SCV  
  48  10:25  SCV  
  58  10:28  Barracks Reactor  
  58  10:29  Barracks Reactor  
  58  10:34  Missile Turret  
  56  10:37  SCV x2  
  56  10:40  Starport Reactor, Marine  
  59  10:49  SCV  
  59  11:08  Marine x3  
  59  11:09  Marine  
  63  11:16  Command Center  
  54  11:19  Missile Turret  
  54  11:20  Refinery  
Tags
 
Add a new tag
Caveats
  • Supply blocks, unpowered buildings, or Contaminate may cause inaccurate times.
  • Supply counts are checked every 10 seconds.